 Dungeon Crawl Stone Soup version 0.29-a0-284-gf9362112df (webtiles) character file.

Game seed: 18303042338309684215

424 being54 the Skirmisher (level 6, 0/41 HPs)
             Began as a Gargoyle Fighter on Mar 21, 2022.
             Was an Initiate of Okawaru.
             Killed by nerve-wracking pain
             ... invoked by an orc priest
              (3 damage)
             ... on level 4 of the Dungeon.
             The game lasted 00:07:37 (4258 turns).

being54 the Skirmisher (Gargoyle Fighter)           Turns: 4258, Time: 00:07:38

Health: 0/41       AC: 14    Str: 21    XL:     6   Next: 96%
Magic:  6/6        EV:  9    Int:  9    God:    Okawaru [......]
Gold:   189        SH:  4    Dex:  9    Spells: 5/5 levels left

rFire   . . .      SeeInvis .   a - +1 flail (vorpal)
rCold   . . .      Faith    .   c - +0 buckler
rNeg    + . .      Spirit   .   b - +0 scale mail
rPois   ∞          Reflect  .   (no helmet)
rElec   +          Harm     .   (no cloak)
rCorr   .          Rampage  .   m - +2 pair of gloves
Will    .....                   (no boots)
Stlth   ..........              (no amulet)
HPRegen 0.13/turn               (no ring)
MPRegen 0.10/turn               (no ring)

@: no status effects
A: sickness immunity, AC +4, negative energy resistance 1, electricity
resistance, torment resistance 1, petrification resistance
a: Renounce Religion


You were on level 4 of the Dungeon.
You worshipped Okawaru.
Okawaru was noncommittal.
You visited 2 branches of the dungeon, and saw 5 of its levels.

You collected 189 gold pieces.

Inventory:

Hand Weapons
 a - a +1 vorpal flail (weapon)
Armour
 b - a +0 scale mail (worn)
 c - a +0 buckler (worn)
 m - a +2 pair of gloves (worn)
Jewellery
 u - an amulet of reflection
Wands
 p - a wand of flame (25)
Scrolls
 f - a scroll of enchant armour {unknown}
 i - 2 scrolls of fear
 j - a scroll of noise
 k - a scroll of magic mapping
 o - a scroll of enchant weapon
 t - a scroll of teleportation
Potions
 d - a potion of might
 e - 3 potions of curing
 g - a potion of flight
 l - 3 potions of lignification
 n - a potion of heal wounds
 q - a potion of cancellation {unknown}
 s - a potion of haste {unknown}


   Skills:
 + Level 5.8 Fighting
 * Level 5.4 Maces & Flails
 * Level 3.5 Armour
 + Level 3.4 Shields
 + Level 0.3 Evocations


You had 5 spell levels left.
You didn't know any spells.
Your spell library contained the following spells:

 Spells                   Type           Power      Damage    Failure   Level
 Freeze                   Ice            0%         1d3       82%         1
 Corpse Rot               Necr/Air       0%         N/A       91%         2
 Poisonous Vapours        Pois/Air       0%         N/A       91%         2
 Frozen Ramparts          Ice            0%         1d2       99%         3
 Anguish                  Hex/Necr       0%         N/A       100%        4
 Hailstorm                Conj/Ice       0%         3d3       100%        4
 Enfeeble                 Hex            0%         N/A       100%        7
 Tukima's Dance           Hex            Unusable   N/A       N/A         3

Dungeon Overview and Level Annotations

Branches:
Dungeon (4/15)             Temple (1/1) D:4

Altars:
Ashenzari
Cheibriados
Elyvilon
Fedhas
Gozag
Hepliaklqana
Kikubaaqudgha
Makhleb
Nemelex Xobeh
Okawaru
Qazlal
Ru
Sif Muna
Trog
Uskayaw
Vehumet
Wu Jian
Xom
Yredelemnul
Zin
The Shining One


Innate Abilities, Weirdness & Mutations

You are immune to sickness and miasma.
Your stone body is resilient. (AC +4)
You are immune to poison.
You resist negative energy. (rN+)
You are resistant to electric shocks. (rElec)
You are resistant to unholy torment.
You are immune to petrification.


Message History

The orc hits you with a +0 club.
You hit the orc priest.
The orc priest is moderately wounded.
The orc hits you but does no damage. Something hits you but does no damage.
The orc priest invokes the aid of Beogh against you.
Beogh smites you!
* * * LOW HITPOINT WARNING * * *
The orc hits you but does no damage.
You closely miss the orc priest.
The orc priest is moderately wounded.
The orc hits you with a +0 whip.
* * * LOW HITPOINT WARNING * * *
You hear some strange, mumbled words.
Something tries to affect you, but you resist.
The orc priest calls down the wrath of Beogh upon you.
Pain shoots through your body!
* * * LOW HITPOINT WARNING * * *
You feel much better. The orc hits you but does no damage. Something hits you.
The orc hits you but does no damage. The orc priest barely misses you.
The orc hits you with a +0 hand axe.
You hit the orc priest but do no damage.
The orc priest is moderately wounded.
The orc hits you but does no damage. You block something's attack.
The orc priest hits you with a +0 falchion.
The orc hits you but does no damage. The orc barely misses you.
You hit the orc priest.
The orc priest is almost dead.
The orc misses you. Something hits you but does no damage.
The orc priest invokes the aid of Beogh against you.
Beogh smites you!
* * * LOW HITPOINT WARNING * * *
The orc hits you with a +0 club.
* * * LOW HITPOINT WARNING * * *
The orc hits you but does no damage. The orc barely misses you.
The orc hits you with a +0 hand axe.
* * * LOW HITPOINT WARNING * * *
The orc barely misses you.
The orc priest mumbles some strange prayers to Beogh against you.
Pain shoots through your body!
You die...

#.........................
#...................=..<..
#.........................
#.........................
#.........................
#.##.####.####.##....#....
##+####+#######..#######
......)...........#
.......@o.........#
......ooo.........#
..................#
..................#
##.####.#######..## ## #.#
#### ..' ..#


You could see an orc priest and 3 orcs.

Vanquished Creatures
  A black bear (D:4)
  A scorpion (D:4)
  A jelly (D:4)
  An orc priest (D:3)
  A hound (D:2)
  An iguana (D:4)
  7 adders
  2 worms (D:3)
  3 dart slugs
  8 orcs (D:3)
  4 bats
  10 endoplasms
  8 giant cockroaches
  6 hobgoblins
  6 quokkas
  5 ball pythons
  3 frilled lizards
  7 goblins
  7 kobolds
  7 rats
89 creatures vanquished.

Notes
Turn   | Place    | Note
-------+----------+-------------------------------------------
     0 | D:1      | being54 the Gargoyle Fighter began the quest for the Orb.
     0 | D:1      | Reached XP level 1. HP: 14/14 MP: 1/1
    85 | D:1      | Reached XP level 2. HP: 9/19 MP: 2/2
  1010 | D:2      | Reached XP level 3. HP: 22/24 MP: 3/3
  1217 | D:2      | Reached XP level 4. HP: 14/30 MP: 4/4
  1415 | D:2      | Found a faded altar of an unknown god.
  2318 | D:3      | Reached XP level 5. HP: 33/34 MP: 5/5
  2327 | D:3      | Reached skill level 5 in Fighting
  3325 | D:4      | Found a staircase to the Ecumenical Temple.
  3333 | D:4      | Reached XP level 6. HP: 30/40 MP: 6/6
  3455 | D:4      | Noticed a black bear
  3464 | D:4      | Killed a black bear
  3465 | D:4      | Reached skill level 5 in Maces & Flails
  3477 | Temple   | Entered the Ecumenical Temple
  3891 | Temple   | Became a worshipper of Warmaster Okawaru
  4258 | D:4      | Killed from afar by an orc priest

Illustrated notes

Levels and vault maps discovered:
D:1:      noname_arrival_rooms_in_the_neighbourhood, layout_basic
D:2:      kennysheep_six_static_rooms, layout_loops_ring,
          chequers_ecumenical_altar_simple
D:3:      kb_forest_paths, layout_loops_ring, minmay_circle_x
D:4:      layout_gridville, minmay_temple_entry_statues_fountains,
          corexii_checkpoint_b, kennysheep_nondescript
Temple:   mainiacjoe_temple_trianglar_array

Skill      XL: |  1  2  3  4  5  6 |
---------------+-------------------+-----
Fighting       | 4 5 |  5.8
Maces & Flails | 3 4 5 |  5.4
Armour         | |  3.5
Shields        | |  3.4
Evocations     | |  0.3

Action                   |  1- 3 |  4- 6 || total
-------------------------+-------+-------++-------
Melee: Flail             |    94 |   204 ||   298
  Use: Scroll            |       |    14 ||    14
       Potion            |       |     1 ||     1
Armor: Scale mail        |    64 |   119 ||   183
Dodge: Dodged            |    57 |    82 ||   139
Block: Buckler           |    28 |    34 ||    62

Table legend: (Time is in decaauts)
 A = Elapsed time spent in this place.
 B = Non-inter-level travel time spent in this place.
 C = Inter-level travel time spent in this place.
 D = Time resting spent in this place.
 E = Time spent auto-exploring this place.
 F = Levels seen in this place.
 G = Mean time per level.
                   A        B        C        D        E       F      G
               +--------+--------+--------+--------+--------+-----+--------+
         Total |   4334 |   4180 |    154 |    484 |   3040 |   5 |  866.8 |
       Dungeon |   3894 |   3768 |    126 |    484 |   2634 |   4 |  973.5 |
        Temple |    439 |    411 |     28 |      0 |    406 |   1 |  439.0 |
               +--------+--------+--------+--------+--------+-----+--------+

Top non-repeatable levels by time:
     D:2: 1212 daAuts
     D:3: 1154 daAuts
     D:1: 1024 daAuts
     D:4: 503 daAuts
  Temple: 439 daAuts
